Map: Port Aleksander LE

Players

GekkoKamen

  • Race: Zerg Zerg
  • League: Platinum
  • Spawn Location: 5:00

Armzfordays - Winner!

  • Race: Protoss Protoss
  • League: Platinum
  • Spawn Location: 11:00

VOD

Have the link to the VOD?

Description

Time

  • Played on: Nov. 29, 2018, 9:37 p.m.
  • Length: 14:59
Show
View Real Time Build Order
Export as new Build Order

GekkoKamen Zerg 

Build Orders: Pool First 

Get SALT Encoding   

  12  0:03  Drone  
  13  0:13  Overlord  
  13  0:18  Drone  
  14  0:31  Drone  
  14  0:32  Drone  
  14  0:34  Extractor  
  15  0:36  Drone  
  16  0:52  Spawning Pool  
  16  0:55  Drone  
  16  0:59  Drone  
  17  1:09  Overlord  
  17  1:41  Metabolic Boost, Queen  
  17  1:44  Zergling x6  
  22  1:55  Zergling x2  
  23  2:06  Overlord  
  23  2:18  Queen  
  25  2:26  Drone  
  25  2:29  Hatchery  
  25  2:30  Zergling x2  
  25  3:02  Zergling x2  
  25  3:03  Zergling x6  
  28  3:31  Zergling x2  
  28  3:32  Zergling x2  
  28  4:04  Drone x5  
  28  4:05  Drone  
  28  4:07  Drone  
  28  4:08  Drone x2  
  36  4:38  Drone x3  
  36  4:39  Drone x2, Roach Warren  
  36  4:42  Drone  
  36  4:43  Drone x4  
  36  4:44  Hatchery  
  41  5:00  Lair  
  41  5:03  Overlord x2  
  41  5:04  Extractor  
  40  5:11  Extractor  
  40  5:13  Extractor  
  38  5:14  Overlord  
  38  5:25  Drone x3  
  41  5:29  Drone  
  41  5:32  Hatchery  
  41  5:38  Drone x4  
  41  5:39  Drone  
  46  5:43  Drone x2  
  46  5:46  Drone  
  46  5:49  Drone x3  
  52  5:50  Overlord  
  52  5:56  Pneumatized Carapace  
  52  5:59  Overlord  
  52  6:08  Hydralisk Den  
  51  6:13  Evolution Chamber  
  51  6:16  Evolution Chamber  
  49  6:19  Overlord x2  
  49  6:44  Zerg Missile Weapons Level 1  
  49  6:50  Drone x13  
  49  6:52  Queen  
  49  6:53  Drone  
  65  6:55  Drone  
  65  6:59  Drone x5  
  71  7:01  Drone  
  71  7:06  Overlord  
  72  7:12  Spore Crawler  
  72  7:14  Spore Crawler  
  70  7:18  Spore Crawler  
  70  7:20  Spore Crawler  
  68  7:24  Spore Crawler  
  68  7:27  Spore Crawler  
  61  7:35  Spore Crawler  
  61  7:36  Hydralisk  
  45  7:37  Hydralisk x4  
  45  7:43  Drone x3  
  57  7:49  Spore Crawler  
  51  7:54  Muscular Augments  
  46  8:04  Drone  
  46  8:05  Drone x3  
  48  8:17  Drone  
  48  8:18  Drone x2  
  51  8:26  Drone x3  
  54  8:32  Extractor  
  54  8:33  Drone  
  54  8:34  Extractor, Drone x2, Queen  
  56  8:36  Drone  
  58  8:41  Drone  
  58  8:42  Drone x4  
  58  8:47  Zerg Ground Armor Level 1  
  63  8:54  Drone  
  63  8:55  Drone  
  65  9:04  Drone  
  65  9:05  Drone x4, Grooved Spines  
  70  9:13  Drone  
  70  9:14  Drone x4  
  75  9:19  Zerg Missile Weapons Level 2  
  75  9:31  Overlord x2  
  75  9:38  Queen  
  75  9:42  Hydralisk  
  75  9:43  Hydralisk x2  
  83  9:49  Overlord x3  
  83  9:51  Hatchery  
  82  10:04  Hydralisk x3  
  82  10:05  Hydralisk x3  
  94  10:11  Hydralisk x2  
  98  10:14  Hydralisk  
  100  10:25  Infestation Pit  
  100  10:26  Overlord x3  
  100  10:27  Overlord  
  99  10:38  Hydralisk x5  
  99  10:40  Hydralisk  
  111  10:46  Zerg Ground Armor Level 2  
  111  10:55  Hydralisk x3  
  117  11:01  Hive  
  117  11:10  Hydralisk  
  117  11:11  Hydralisk x3  
  119  11:18  Hydralisk x3  
  125  11:23  Hydralisk x2  
  135  11:27  Drone x3  
  135  11:31  Hydralisk x2  
  142  11:36  Overlord  
  142  11:43  Zerg Melee Weapons Level 1  
  142  11:49  Hydralisk  
  142  11:50  Hydralisk x4  
  152  11:56  Overseer  
  152  12:00  Overseer  
  152  12:03  Overlord x3  
  152  12:04  Overlord  
  152  12:07  Overseer  
  152  12:08  Overseer x2  
  152  12:19  Adrenal Glands  
  152  12:54  Zergling x12  
  152  12:55  Zergling x12  
  60  14:30  Drone x10  
  57  14:32  Drone x3  
  57  14:34  Extractor  
  57  14:35  Extractor  
  74  14:46  Hatchery, Drone  
Show
View Real Time Build Order
Export as new Build Order

Armzfordays Protoss - Winner!

Build Orders: Carriers 

Get SALT Encoding   

  12  0:01  Probe  
  13  0:13  Probe  
  14  0:25  Pylon  
  14  0:27  Probe  
  15  0:43  Probe  
  15  0:47  Gateway  
  16  0:55  Probe  
  17  0:57  Assimilator  
  17  1:07  Probe  
  18  1:19  Probe  
  18  1:24  Gateway  
  19  1:30  Zealot  
  19  1:31  Probe  
  20  1:38  Pylon  
  22  1:44  Probe  
  23  2:04  Nexus  
  23  2:11  Probe  
  23  2:12  Pylon  
  23  2:14  Zealot  
  23  2:17  Assimilator  
  25  2:36  Cybernetics Core  
  25  2:50  Pylon  
  25  2:54  Zealot  
  27  3:06  Gateway  
  25  3:17  Pylon x2  
  25  3:19  Pylon  
  25  3:35  Probe x2  
  25  3:39  Shield Battery  
  25  3:40  Shield Battery  
  27  3:47  Stargate, Probe x2  
  29  3:56  Pylon  
  29  4:10  Shield Battery  
  27  4:23  Oracle  
  30  4:39  Probe x2  
  32  4:48  Probe  
  32  4:51  Probe  
  34  4:56  Probe  
  34  4:57  Forge, Oracle  
  34  5:03  Probe  
  34  5:04  Pylon  
  34  5:06  Probe  
  40  5:16  Probe  
  40  5:18  Probe  
  42  5:28  Probe  
  43  5:30  Assimilator, Probe  
  43  5:32  Assimilator  
  43  5:34  Oracle  
  47  5:38  Photon Cannon  
  47  5:40  Probe  
  47  5:42  Probe  
  49  5:48  Protoss Shields Level 1  
  49  5:52  Photon Cannon, Probe  
  49  5:54  Probe  
  51  6:04  Probe  
  51  6:06  Stargate, Probe  
  53  6:12  Pylon  
  53  6:16  Probe  
  53  6:17  Oracle  
  54  6:18  Probe  
  55  6:28  Probe  
  55  6:30  Probe  
  55  6:32  Photon Cannon  
  60  6:37  Protoss Air Armor Level 1  
  60  6:40  Probe  
  60  6:41  Pylon  
  60  6:43  Probe  
  62  6:52  Probe  
  63  6:55  Probe  
  63  6:57  Void Ray  
  63  6:58  Gateway  
  68  7:04  Void Ray  
  68  7:07  Probe  
  68  7:08  Probe  
  74  7:20  Probe x2  
  76  7:54  Void Ray x2  
  84  8:21  Photon Cannon  
  84  8:22  Photon Cannon x2  
  84  8:23  Photon Cannon  
  84  8:39  Pylon  
  84  8:41  Pylon  
  84  8:46  Pylon  
  84  8:47  Pylon  
  84  8:50  Stargate  
  84  8:57  Void Ray x2  
  92  9:26  Nexus  
  92  9:29  Shield Battery  
  92  9:30  Shield Battery  
  92  9:32  Photon Cannon  
  92  9:33  Photon Cannon  
  92  9:37  Photon Cannon  
  92  9:38  Cybernetics Core  
  92  9:40  Void Ray x2  
  92  9:42  Fleet Beacon  
  100  9:50  Probe x2  
  102  9:55  Void Ray  
  106  10:00  Protoss Air Weapons Level 1  
  106  10:02  Probe  
  107  10:17  Probe x2  
  109  10:23  Void Ray x2  
  109  10:24  Assimilator  
  109  10:26  Assimilator  
  117  10:32  Carrier  
  117  10:33  Pylon  
  117  10:34  Pylon  
  117  10:37  Pylon  
  117  10:41  Pylon  
  117  10:42  Mothership  
  123  10:46  Pylon  
  123  10:57  Probe  
  123  11:00  Probe x2  
  126  11:05  Carrier  
  140  11:27  Pylon  
  140  11:40  Carrier x2, Probe  
  140  11:41  Probe  
  142  11:51  Protoss Air Armor Level 2  
  142  11:53  Probe x2  
  156  12:01  Carrier  
  162  12:45  Carrier x2  
  162  12:50  Nexus  
  174  12:54  Assimilator  
  174  12:57  Assimilator  
  174  13:00  Pylon  
  174  13:02  Pylon  
  174  13:04  Pylon  
  146  13:55  Carrier x3  
Tags
 
Add a new tag
Caveats
  • Supply blocks, unpowered buildings, or Contaminate may cause inaccurate times.
  • Supply counts are checked every 10 seconds.